[Event "Polish Ekstraliga 2024"]
[Site "Walbrzych"]
[Date "2024.10.10"]
[Round "4.12"]
[White "Kiolbasa, Oliwia"]
[Black "Socko, Monika"]
[Result "1-0"]
[ECO "E20"]
[WhiteElo "2351"]
[BlackElo "2419"]
[Annotator "RC"]
[PlyCount "71"]
[EventDate "2024.10.05"]
[EventType "team-tourn"]
[EventCountry "POL"]
[SourceTitle "playchess.com"]
[Source "ChessBase"]
[SourceQuality "1"]
[WhiteTeam "Bydgoszcz"]
[BlackTeam "Katowice"]
[TimeControl "40/5400+30:1800+30"]

1. d4 Nf6 2. c4 e6 3. Nc3 Bb4 4. f3 d5 5. a3 Bxc3+ 6. bxc3 O-O 7. cxd5 exd5 8. e3 b6 9. Bd3 Ba6 10. Ne2 Bxd3 11. Qxd3 c5 12. O-O Re8 13. Ng3 Nc6 14. Bb2 h5 15. Rae1 h4 16. Nf5 h3 17. Ng3 Qd7 18. e4 hxg2 19. Kxg2 dxe4 20. fxe4 Ne5 21. Qd1 cxd4 22. cxd4 Qb5 23. Bc3 Ng6 24. d5 Rac8 25. Bxf6 gxf6 26. Nf5 Qb2+ 27. Kh1 Rc3 28. Qh5 Qd2 29. Rg1 Kf8 30. Re2 Qc1 31. Qh7 Rec8 32. Rxc1 Rxc1+ 33. Kg2 R8c3 34. Qg7+ Ke8 35. Qg8+ Nf8 36. Ng7+ 1-0

[Event "Polish Ekstraliga 2024"]
[Site "Walbrzych"]
[Date "2024.10.10"]
[Round "4.13"]
[White "Volokitin, Andrei"]
[Black "Bluebaum, Matthias"]
[Result "1/2-1/2"]
[ECO "C81"]
[WhiteElo "2648"]
[BlackElo "2646"]
[Annotator "RC"]
[PlyCount "149"]
[EventDate "2024.10.05"]
[EventType "team-tourn"]
[EventCountry "POL"]
[SourceTitle "playchess.com"]
[Source "ChessBase"]
[SourceQuality "1"]
[WhiteTeam "Pegow"]
[BlackTeam "Raciborz"]
[TimeControl "40/5400+30:1800+30"]

1. e4 e5 2. Nf3 Nc6 3. Bb5 a6 4. Ba4 Nf6 5. O-O Nxe4 6. d4 b5 7. Bb3 d5 8. dxe5 Be6 9. Qe2 Be7 10. Rd1 O-O 11. c3 Qd7 12. Nbd2 Nc5 13. Bc2 f6 14. exf6 Bxf6 15. Nb3 Nxb3 16. axb3 Bf5 17. Be3 Bxc2 18. Qxc2 Ne5 19. Nxe5 Bxe5 20. b4 c6 21. Bc5 Bd6 22. Bd4 Qc7 23. g3 Be5 24. Qd3 Bxd4 25. Qxd4 a5 26. Rxa5 Rxa5 27. bxa5 Qxa5 28. Re1 Qa4 29. b4 Qa2 30. Re6 Qc4 31. Qxc4 dxc4 32. Rxc6 Rf3 33. Rc5 Rxc3 34. Rxb5 Rc1+ 35. Kg2 Rb1 36. h4 c3 37. Rc5 Rxb4 38. Rxc3 h5 39. Rc5 g6 40. Rc7 Rb3 41. Re7 Kf8 42. Re3 Rb2 43. Kf3 Kg7 44. Re2 Rb4 45. Re4 Rb2 46. Rd4 Ra2 47. Ke3 Kf6 48. f3 Ra3+ 49. Kf4 Ra6 50. Rb4 Rc6 51. Ke4 Re6+ 52. Kd3 Re1 53. Rf4+ Kg7 54. Re4 Rg1 55. Ke3 Kf6 56. Ra4 Rb1 57. Ke4 Re1+ 58. Kf4 Re6 59. g4 hxg4 60. fxg4 g5+ 61. hxg5+ Kg6 62. Ra8 Rb6 63. Rg8+ Kh7 64. Rf8 Kg7 65. Rf5 Kg6 66. Rf6+ Rxf6+ 67. gxf6 Kxf6 68. g5+ Kg6 69. Kg4 Kg7 70. Kh5 Kh7 71. g6+ Kg7 72. Kg5 Kg8 73. Kh6 Kh8 74. g7+ Kg8 75. Kg6 1/2-1/2

[Event "Polish Ekstraliga 2024"]
[Site "Walbrzych"]
[Date "2024.10.10"]
[Round "4.15"]
[White "Zilka, Stepan"]
[Black "Huschenbeth, Niclas"]
[Result "1/2-1/2"]
[ECO "D27"]
[WhiteElo "2552"]
[BlackElo "2600"]
[Annotator "RC"]
[PlyCount "43"]
[EventDate "2024.10.05"]
[EventType "team-tourn"]
[EventCountry "POL"]
[SourceTitle "playchess.com"]
[Source "ChessBase"]
[SourceQuality "1"]
[WhiteTeam "Pegow"]
[BlackTeam "Raciborz"]
[TimeControl "40/5400+30:1800+30"]

1. d4 d5 2. c4 dxc4 3. Nf3 Nf6 4. e3 e6 5. Bxc4 c5 6. O-O a6 7. Bb3 b5 8. a4 Bb7 9. axb5 axb5 10. Rxa8 Bxa8 11. dxc5 Nbd7 12. c6 Bxc6 13. Nd4 Qb6 14. Nxc6 Qxc6 15. Nc3 Be7 16. Qe2 Nc5 17. Bc2 b4 18. Nb5 O-O 19. Nd4 Qb6 20. Qc4 Qb7 21. Bd2 b3 22. Nxb3 1/2-1/2

[Event "Polish Ekstraliga 2024"]
[Site "Walbrzych"]
[Date "2024.10.10"]
[Round "4.16"]
[White "Krzyzanowski, Marcin"]
[Black "Moranda, Wojciech"]
[Result "1/2-1/2"]
[ECO "D45"]
[WhiteElo "2509"]
[BlackElo "2559"]
[Annotator "RC"]
[PlyCount "50"]
[EventDate "2024.10.05"]
[EventType "team-tourn"]
[EventCountry "POL"]
[SourceTitle "playchess.com"]
[Source "ChessBase"]
[SourceQuality "1"]
[WhiteTeam "Raciborz"]
[BlackTeam "Pegow"]
[TimeControl "40/5400+30:1800+30"]

1. d4 Nf6 2. c4 e6 3. Nf3 d5 4. Nc3 c6 5. e3 Nbd7 6. Qc2 b6 7. Bd3 Bb7 8. b3 Rc8 9. O-O Bb4 10. Bb2 c5 11. Qe2 cxd4 12. exd4 O-O 13. Rac1 Re8 14. Rfd1 Nf8 15. Ne5 Ng6 16. g3 Ne7 17. Qe3 a6 18. Ne2 dxc4 19. bxc4 Ng6 20. Nf4 Bf8 21. Be2 Qc7 22. Nfxg6 hxg6 23. Bf3 Bxf3 24. Qxf3 Bd6 25. Nd3 Bf8 1/2-1/2

[Event "Polish Ekstraliga 2024"]
[Site "Walbrzych"]
[Date "2024.10.10"]
[Round "4.17"]
[White "Plat, Vojtech"]
[Black "Jakubowski, Krzysztof"]
[Result "1/2-1/2"]
[ECO "B10"]
[WhiteElo "2488"]
[BlackElo "2443"]
[Annotator "RC"]
[PlyCount "27"]
[EventDate "2024.10.05"]
[EventType "team-tourn"]
[EventCountry "POL"]
[SourceTitle "playchess.com"]
[Source "ChessBase"]
[SourceQuality "1"]
[WhiteTeam "Pegow"]
[BlackTeam "Raciborz"]
[TimeControl "40/5400+30:1800+30"]

1. e4 c6 2. Nf3 d5 3. d3 Bg4 4. h3 Bh5 5. Nc3 d4 6. g4 dxc3 7. gxh5 cxb2 8. Bxb2 Nd7 9. Qd2 e6 10. Rb1 Qc7 11. h6 Nxh6 12. Rg1 f6 13. h4 O-O-O 14. Bh3 1/2-1/2

[Event "Polish Ekstraliga 2024"]
[Site "Walbrzych"]
[Date "2024.10.10"]
[Round "4.19"]
[White "Svane, Rasmus"]
[Black "Licznerski, Lukasz"]
[Result "1-0"]
[ECO "D17"]
[WhiteElo "2629"]
[BlackElo "2430"]
[Annotator "RC"]
[PlyCount "71"]
[EventDate "2024.10.05"]
[EventType "team-tourn"]
[EventCountry "POL"]
[SourceTitle "playchess.com"]
[Source "ChessBase"]
[SourceQuality "1"]
[WhiteTeam "Gliwice"]
[BlackTeam "Wisznia Mala"]
[TimeControl "40/5400+30:1800+30"]

1. Nf3 d5 2. d4 Nf6 3. c4 c6 4. Nc3 dxc4 5. a4 Bf5 6. Ne5 Nbd7 7. Nxc4 Qc7 8. g3 e5 9. dxe5 Nxe5 10. Bf4 Nfd7 11. Bg2 g5 12. Ne3 gxf4 13. Nxf5 O-O-O 14. Qc2 Bb4 15. O-O fxg3 16. hxg3 Kb8 17. Na2 Qb6 18. Rad1 a5 19. Nxb4 axb4 20. Qe4 Ng6 21. Nd6 Nde5 22. Nc4 Qc5 23. Nxe5 Nxe5 24. e3 Qa5 25. b3 Ng6 26. Qc4 f6 27. Rd4 Rxd4 28. Qxd4 Rd8 29. Qxf6 Rd3 30. Be4 Rxb3 31. Rd1 Qe5 32. Qd8+ Ka7 33. Bxc6 Rc3 34. Rd5 Rc1+ 35. Kh2 Qxg3+ 36. Kxg3 1-0

[Event "Polish Ekstraliga 2024"]
[Site "Walbrzych"]
[Date "2024.10.10"]
[Round "4.20"]
[White "Sabuk, Piotr"]
[Black "Tomczak, Jacek"]
[Result "0-1"]
[ECO "D30"]
[WhiteElo "2402"]
[BlackElo "2584"]
[Annotator "RC"]
[PlyCount "66"]
[EventDate "2024.10.05"]
[EventType "team-tourn"]
[EventCountry "POL"]
[SourceTitle "playchess.com"]
[Source "ChessBase"]
[SourceQuality "1"]
[WhiteTeam "Wisznia Mala"]
[BlackTeam "Gliwice"]
[TimeControl "40/5400+30:1800+30"]

1. d4 d5 2. c4 e6 3. Nf3 Nf6 4. g3 dxc4 5. Qa4+ Nbd7 6. Bg2 a6 7. Qxc4 b5 8. Qc6 Rb8 9. Qc2 Bb7 10. a4 c5 11. axb5 axb5 12. dxc5 Bxc5 13. O-O O-O 14. Nc3 b4 15. Na4 Be7 16. Bf4 Rc8 17. Qd2 Qa5 18. Be3 Qh5 19. h3 Ne5 20. Nxe5 Bxg2 21. Kxg2 Qxe5 22. Qd4 Qb5 23. Qd3 Qb7+ 24. f3 Rfd8 25. Qb3 Qb5 26. Rfe1 h5 27. h4 Nd5 28. Bf2 Bxh4 29. e4 Nf4+ 30. Kh1 Nd3 31. Re2 Nxf2+ 32. Rxf2 Bxg3 33. Rc2 Qg5 0-1

[Event "Polish Ekstraliga 2024"]
[Site "Walbrzych"]
[Date "2024.10.10"]
[Round "4.23"]
[White "Klekowski, Maciej"]
[Black "Skawinski, Arkadiusz"]
[Result "1-0"]
[ECO "C11"]
[WhiteElo "2463"]
[BlackElo "2333"]
[Annotator "RC"]
[PlyCount "79"]
[EventDate "2024.10.05"]
[EventType "team-tourn"]
[EventCountry "POL"]
[SourceTitle "playchess.com"]
[Source "ChessBase"]
[SourceQuality "1"]
[WhiteTeam "Gliwice"]
[BlackTeam "Wisznia Mala"]
[TimeControl "40/5400+30:1800+30"]

1. e4 e6 2. d4 d5 3. Nc3 Nf6 4. e5 Nfd7 5. Nce2 c5 6. c3 Nc6 7. Nf3 a5 8. a4 Qb6 9. g3 cxd4 10. cxd4 Bb4+ 11. Nc3 O-O 12. Bd3 f6 13. exf6 Nxf6 14. O-O Bd7 15. Be3 Be8 16. Ne5 Qd8 17. Ne2 Bh5 18. f3 Bd6 19. Nf4 Bf7 20. Nxf7 Rxf7 21. Ne2 Qb6 22. Kg2 Nb4 23. Bb1 Rc8 24. Nc3 Rc4 25. Nb5 Be7 26. Ra3 Ne8 27. Rc3 Rc6 28. Bf4 Bf6 29. Re1 g6 30. Qd2 Ng7 31. g4 Rf8 32. Bc7 Qa6 33. h4 Ne8 34. h5 g5 35. h6 Rf7 36. Rxc6 bxc6 37. Rxe6 Qc8 38. Bf5 cxb5 39. Bxa5 Qb8 40. Qxb4 1-0

[Event "Polish Ekstraliga 2024"]
[Site "Walbrzych"]
[Date "2024.10.10"]
[Round "4.25"]
[White "Sowinski, Pawel"]
[Black "Bartel, Mateusz"]
[Result "1/2-1/2"]
[ECO "A06"]
[WhiteElo "2455"]
[BlackElo "2608"]
[Annotator "RC"]
[PlyCount "42"]
[EventDate "2024.10.05"]
[EventType "team-tourn"]
[EventCountry "POL"]
[SourceTitle "playchess.com"]
[Source "ChessBase"]
[SourceQuality "1"]
[WhiteTeam "Sedziszow Malopolski"]
[BlackTeam "Polonia Wroclaw"]
[TimeControl "40/5400+30:1800+30"]

1. Nf3 d5 2. g3 b6 3. Bg2 Bb7 4. c4 dxc4 5. Qa4+ Nd7 6. Qxc4 e6 7. O-O Ngf6 8. Nc3 Be7 9. d4 O-O 10. Rd1 Qc8 11. Bf4 c5 12. dxc5 Nxc5 13. Nb5 Bd5 14. Qc2 Qb7 15. Nc3 Rac8 16. Nxd5 Nxd5 17. Ng5 Bxg5 18. Bxg5 h6 19. Bf4 a5 20. Bd6 Rfd8 21. Bxc5 Rxc5 1/2-1/2

[Event "Polish Ekstraliga 2024"]
[Site "Walbrzych"]
[Date "2024.10.10"]
[Round "4.27"]
[White "Toczek, Grzegorz"]
[Black "Mastrovasilis, Dimitrios"]
[Result "0-1"]
[ECO "B23"]
[WhiteElo "2267"]
[BlackElo "2532"]
[Annotator "RC"]
[PlyCount "54"]
[EventDate "2024.10.05"]
[EventType "team-tourn"]
[EventCountry "POL"]
[SourceTitle "playchess.com"]
[Source "ChessBase"]
[SourceQuality "1"]
[WhiteTeam "Sedziszow Malopolski"]
[BlackTeam "Polonia Wroclaw"]
[TimeControl "40/5400+30:1800+30"]

1. e4 c5 2. Nc3 e6 3. Nge2 a6 4. g3 d6 5. Bg2 Nc6 6. O-O Be7 7. d4 cxd4 8. Nxd4 Bd7 9. Be3 Nf6 10. h3 Rc8 11. Nxc6 Bxc6 12. a4 O-O 13. a5 Qc7 14. Re1 Nd7 15. Ne2 Nc5 16. Bxc5 dxc5 17. Nf4 Bd6 18. Qg4 Be5 19. c3 Rfd8 20. Bf1 Bxf4 21. gxf4 Bxe4 22. Rxe4 f5 23. Qg2 fxe4 24. Qxe4 Qc6 25. Qe3 Rf8 26. Bg2 Qd6 27. Ra4 Qd1+ 0-1

[Event "Polish Ekstraliga 2024"]
[Site "Walbrzych"]
[Date "2024.10.10"]
[Round "4.28"]
[White "Gumularz, Szymon"]
[Black "Kyc, Jerzy"]
[Result "1-0"]
[ECO "A30"]
[WhiteElo "2559"]
[BlackElo "2253"]
[Annotator "RC"]
[PlyCount "79"]
[EventDate "2024.10.05"]
[EventType "team-tourn"]
[EventCountry "POL"]
[SourceTitle "playchess.com"]
[Source "ChessBase"]
[SourceQuality "1"]
[WhiteTeam "Polonia Wroclaw"]
[BlackTeam "Sedziszow Malopolski"]
[TimeControl "40/5400+30:1800+30"]

1. c4 c5 2. Nf3 Nf6 3. Nc3 g6 4. e4 Bg7 5. d4 cxd4 6. Nxd4 O-O 7. Be2 Nc6 8. Be3 d6 9. O-O Bd7 10. h3 Nxd4 11. Bxd4 Bc6 12. Qc2 Rc8 13. b4 a6 14. Rfd1 Qc7 15. a4 Rfd8 16. a5 Nd7 17. Bxg7 Kxg7 18. Qb2 Nf6 19. b5 axb5 20. cxb5 Be8 21. Rdc1 Qb8 22. Nd5 e5 23. Nxf6 Kxf6 24. Qb4 Bd7 25. b6 Be6 26. a6 bxa6 27. Bxa6 Rxc1+ 28. Rxc1 d5 29. exd5 Bxd5 30. b7 Kg7 31. Rd1 Rd7 32. Qa5 Be6 33. Rxd7 Bxd7 34. Qc5 h5 35. Qc8 Bxc8 36. bxc8=Q Qb1+ 37. Bf1 Qb2 38. h4 Qd4 39. g3 e4 40. Qc1 1-0

[Event "Polish Ekstraliga 2024"]
[Site "Walbrzych"]
[Date "2024.10.10"]
[Round "4.29"]
[White "Gesicki, Jacek"]
[Black "Tazbir, Marcin"]
[Result "1/2-1/2"]
[ECO "B50"]
[WhiteElo "2210"]
[BlackElo "2500"]
[Annotator "RC"]
[PlyCount "35"]
[EventDate "2024.10.05"]
[EventType "team-tourn"]
[EventCountry "POL"]
[SourceTitle "playchess.com"]
[Source "ChessBase"]
[SourceQuality "1"]
[WhiteTeam "Sedziszow Malopolski"]
[BlackTeam "Polonia Wroclaw"]
[TimeControl "40/5400+30:1800+30"]

1. e4 c5 2. Nf3 d6 3. c3 Nf6 4. h3 Nc6 5. Bd3 g5 6. Bc2 g4 7. hxg4 Bxg4 8. d3 d5 9. Qe2 e6 10. Bg5 Be7 11. Nbd2 d4 12. Ba4 Nd7 13. Bxe7 Qxe7 14. Bxc6 bxc6 15. Nc4 e5 16. Rh6 f6 17. Qd2 Nb6 18. Na5 1/2-1/2